 Dungeon Crawl Stone Soup version 0.28.0-53-g5a82cb258f (webtiles) character file.

Game seed: 11877082870031565402

1234 Asher535 the Digger (level 8, -5/41 HPs)
             Began as a Gargoyle Earth Elementalist on July 28, 2022.
             Was an Elder of Nemelex Xobeh.
             Slain by a killer bee (6 damage)
             ... on level 6 of the Dungeon.
             The game lasted 00:40:26 (8648 turns).

Asher535 the Digger (Gargoyle Earth Elementalist)   Turns: 8648, Time: 00:40:27

Health: -5/41      AC:  8    Str: 12    XL:     8   Next: 48%
Magic:  0/16       EV: 12    Int: 18    God:    Nemelex Xobeh [****..]
Gold:   152        SH:  4    Dex: 10    Spells: 9/17 levels left

rFire   . . .      SeeInvis .   q - +2 spear (vorpal)
rCold   . . .      Faith    .   l - +0 buckler
rNeg    + . .      Spirit   +   b - +0 robe
rPois   ∞          Reflect  .   (no helmet)
rElec   +          Harm     .   c - +0 cloak
rCorr   .          Rampage  .   (no gloves)
Will    .....                   (no boots)
Stlth   ++........              x - amulet of guardian spirit
HPRegen 0.13/turn               E - ring of flight
MPRegen 0.15/turn               (no ring)

@: flying, hasted, very quick
A: sickness immunity, AC +5, negative energy resistance 1, electricity
resistance, torment resistance 1, petrification resistance
a: Renounce Religion, Draw Escape, Draw Destruction, Draw Summoning, Triple
Draw, Deal Four


You were on level 6 of the Dungeon.
You worshipped Nemelex Xobeh.
Nemelex Xobeh was greatly pleased with you.
You visited 1 branch of the dungeon, and saw 6 of its levels.

You collected 152 gold pieces.

Inventory:

Hand Weapons
 a - a +0 spear
 d - a +0 dagger
 f - a +0 dagger of protection
 m - a +0 hunting sling
 q - a +2 vorpal spear (weapon)
 y - a +1 dagger of venom
Missiles
 p - 33 bolts
 t - 4 javelins
 v - 96 sling bullets
 w - 15 poisoned darts
 A - 3 boomerangs
 I - 18 stones
Armour
 b - a +0 robe (worn)
 c - a +0 cloak (worn)
 l - a +0 buckler (worn)
 n - a +0 leather armour
 C - a +3 scale mail of fire resistance
Jewellery
 x - an amulet of guardian spirit (around neck)
 E - a ring of flight (left hand)
Wands
 F - a wand of paralysis (7)
 K - a wand of mindburst (3)
Scrolls
 h - a scroll of brand weapon
 i - a scroll of silence
 j - 2 scrolls of magic mapping {unknown}
 k - 5 scrolls of teleportation
 s - 2 scrolls of blinking {unknown}
 B - a scroll of fog {unknown}
 G - 2 scrolls of vulnerability {unknown}
 H - a scroll of immolation {unknown}
 J - a scroll of identify
Potions
 g - a potion of heal wounds {unknown}
 o - 4 potions of curing
 r - a potion of ambrosia {unknown}
 u - 2 potions of resistance {unknown}
 z - a potion of degeneration {unknown}
 D - a potion of might


   Skills:
 - Level 0.2 Fighting
 - Level 1.0 Polearms
 + Level 3.3 Dodging
 - Level 2.8 Stealth
 * Level 4.1 Shields
 + Level 5.3 Spellcasting
 + Level 0.6 Conjurations
 + Level 0.7 Transmutations
 + Level 7.7 Earth Magic


You had 9 spell levels left.
You knew the following spells:

 Your Spells              Type           Power      Damage    Failure   Level
a - Sandblast             Erth           64%        2d14      1%          1
b - Stone Arrow           Conj/Erth      38%        3d9       9%          3
c - Animate Armour        Summ/Erth      36%        N/A       32%         4

Your spell library contained the following spells:

 Spells                   Type           Power      Damage    Failure   Level
 Passwall                 Tmut/Erth      16%        N/A       4%          2
 Sting                    Tmut/Pois      24%        1d4       14%         1
 Poisonous Vapours        Pois/Air       8%         N/A       24%         2
 Petrify                  Tmut/Erth      20%        N/A       28%         4
 Olgreb's Toxic Radiance  Pois           4%         N/A       85%         4
 Conjure Ball Lightning   Conj/Air       2%         3x3d6     100%        6
 Discord                  Hex            2%         N/A       100%        8
 Disjunction              Tloc           2%         N/A       100%        8
 Lehudib's Crystal Spear  Conj/Erth      9%         10d4      100%        8


Dungeon Overview and Level Annotations

Branches:
Dungeon (6/15)
 Temple: D:4-7

Altars:
Kikubaaqudgha
Nemelex Xobeh
Vehumet

Shops:
D:5 ?


Innate Abilities, Weirdness & Mutations

You are immune to sickness and miasma.
Your stone body is resilient. (AC +5)
You are immune to poison.
You resist negative energy. (rN+)
You are resistant to electric shocks. (rElec)
You are resistant to unholy torment.
You are immune to petrification.


Message History

Reach: q) +2 spear (vorpal)
Press: ? - help, Dir - move target, f/p - killer bee
Aim: a killer bee (about 69% to evade your +2 vorpal spear)
You closely miss the killer bee.
The killer bee stings you but does no damage.
The killer bee barely misses you.
Reach: q) +2 spear (vorpal)
Press: ? - help, Dir - move target, f/p - killer bee
Aim: a killer bee (about 69% to evade your +2 vorpal spear)
You closely miss the killer bee. The killer bee stings you!
The killer bee stings you.
* * * LOW HITPOINT WARNING * * *
You block the killer bee's attack.
Reach: q) +2 spear (vorpal)
Press: ? - help, Dir - move target, f/p - killer bee
Aim: a killer bee (about 69% to evade your +2 vorpal spear)
You completely miss the killer bee.
The killer bee stings you but does no damage.
The killer bee barely misses you.
The killer bee stings you but does no damage.
The killer bee misses you.
The killer bee stings you but does no damage.
The killer bee stings you but does no damage.
The killer bee stings you!
* * * LOW HITPOINT WARNING * * *
The killer bee stings you.
* * * LOW HITPOINT WARNING * * *
You block the killer bee's attack.
You feel better.
The killer bee stings you but does no damage. x2
You feel yourself speed up. The killer bee barely misses you.
The killer bee misses you. The killer bee stings you!
* * * LOW HITPOINT WARNING * * *
The killer bee stings you but does no damage.
There is a stone staircase leading up here.
The killer bee stings you but does no damage.
The killer bee stings you!
You die...
Your body glows with a rainbow of weird colours and disappears.

#.....# #.###### #.....#
#......# ...........#
#......#
.)..........#####......#
.#..##.................#
##. ......#####.......#
...#.#######.......#
............y.......#
.##........@....#####
#..####...[.# ##....#
#....# ######


You could see a killer bee.

Vanquished Creatures
  A necrophage (D:5)
  An ogre (D:5)
  A phantom (D:5)
  A kobold brigand (D:4)
  2 killer bees (D:6)
  2 water moccasin skeletons
  A howler monkey (D:4)
  A vampire bat (D:3)
  A bullfrog zombie (D:6)
  2 hounds (D:4)
  An orc priest (D:5)
  A jelly (D:2)
  4 bullfrog skeletons
  2 iguanas (D:5)
  Ijyb (D:5)
  Natasha (thrice) (D:4)
  An orc wizard (D:5)
  A hound skeleton (D:4)
  Robin (D:2)
  7 adders
  A worm (D:2)
  4 dart slugs
  14 orcs
  2 bat skeletons (D:3)
  2 bat zombies (D:3)
  6 endoplasms
  3 giant cockroaches (D:4)
  7 hobgoblins
  6 jackals (D:4)
  A quokka (D:2)
  5 ball pythons
  4 bats
  7 frilled lizards
  10 goblins
  9 kobolds
  8 rats
124 creatures vanquished.

Vanquished Creatures (others)
  15 plants (D:4)
15 creatures vanquished.

Grand Total: 139 creatures vanquished

Notes
Turn   | Place    | Note
-------+----------+-------------------------------------------
     0 | D:1      | Asher535 the Gargoyle Earth Elementalist began the quest
                  | for the Orb.
     0 | D:1      | Reached XP level 1. HP: 10/10 MP: 3/3
   528 | D:1      | Reached skill level 4 in Earth Magic
   669 | D:1      | Found a faded altar of an unknown god.
   678 | D:1      | Reached XP level 2. HP: 15/15 MP: 3/5
   708 | D:1      | Prayed at the altar of an unknown god.
   708 | D:1      | Became a worshipper of Nemelex Xobeh the Trickster
   708 | D:1      | Reached * piety under Nemelex Xobeh
   708 | D:1      | Received a gift from Nemelex Xobeh
  1382 | D:2      | Reached XP level 3. HP: 7/19 MP: 4/6
  1840 | D:2      | Noticed Robin
  1853 | D:2      | Killed Robin
  1875 | D:2      | Reached XP level 4. HP: 18/24 MP: 2/7
  2059 | D:2      | Reached skill level 1 in Polearms
  2092 | D:2      | Received a gift from Nemelex Xobeh
  2319 | D:2      | Reached skill level 5 in Earth Magic
  2530 | D:2      | Reached ** piety under Nemelex Xobeh
  3550 | D:3      | Reached skill level 1 in Shields
  3550 | D:3      | Reached XP level 5. HP: 24/28 MP: 8/8
  3811 | D:3      | Found an ancient bone altar of Kikubaaqudgha.
  4190 | D:4      | Noticed Natasha
  4204 | D:4      | Killed Natasha
  4205 | D:4      | Reached XP level 6. HP: 5/32 MP: 4/10
  4253 | D:4      | Noticed Natasha
  4532 | D:4      | Killed Natasha
  4690 | D:4      | Reached *** piety under Nemelex Xobeh
  5017 | D:4      | Reached skill level 6 in Earth Magic
  5017 | D:4      | Reached XP level 7. HP: 19/36 MP: 10/12
  5562 | D:4      | Noticed Natasha
  5572 | D:4      | Killed Natasha
  5769 | D:5      | Entered Level 5 of the Dungeon
  5812 | D:5      | Noticed Ijyb
  5831 | D:5      | Found Qiann's Magic Scroll Shop.
  6223 | D:5      | Killed Ijyb
  6625 | D:5      | Received a gift from Nemelex Xobeh
  6633 | D:5      | Reached skill level 7 in Earth Magic
  6717 | D:5      | Reached XP level 8. HP: 38/41 MP: 10/15
  6938 | D:5      | Learned a level 3 spell: Stone Arrow
  6943 | D:5      | Learned a level 4 spell: Animate Armour
  7127 | D:6      | Reached skill level 5 in Spellcasting
  7811 | D:5      | Found a radiant altar of Vehumet.
  8062 | D:5      | Reached **** piety under Nemelex Xobeh
  8636 | D:6      | HP: 2/41 [killer bee (6)]
  8643 | D:6      | HP: 1/41 [killer bee (7)]
  8648 | D:6      | Slain by a killer bee

Illustrated notes

Levels and vault maps discovered:
D:1:      lemuel_arrival_cross, layout_loops_corners,
          nicolae_ecumenical_snake_handling
D:2:      layout_basic, uniq_robin
D:3:      layout_loops_cross, kennysheep_vampire_church
D:4:      layout_loops_ring, st_stairs_5, lexackson_kobold_supper, uniq_natasha
D:5:      layout_layer_cave, mainiacjoe_overflow_catwalk, serial_shops,
          shop_statue, dk_noncrumbling_3, st_stairs_1,
          amcnicky_mini_corridor_feature, uniq_ijyb
D:6:      layout_rooms, minmay_temple_entry_junction, gammafunk_ghost_icy,
          serial_shops, kennysheep_mini

Skill      XL: |  1  2  3  4  5  6  7  8 |
---------------+-------------------------+-----
Earth Magic    | 4 5 6 7 |  7.7
Polearms       | 1 |  1.0
Shields        | 1 2 3 4 |  4.1
Dodging        | 2 3 |  3.3
Spellcasting   | 3 4 5 |  5.3
Fighting       | |  0.2
Stealth        | |  2.8
Conjurations   | |  0.6
Transmutations | |  0.7

Action                   |  1- 3 |  4- 6 |  7- 9 || total
-------------------------+-------+-------+-------++-------
Melee: Spear             |    27 |   139 |    95 ||   261
       Punch             |     2 |       |       ||     2
       Dagger            |    11 |    48 |       ||    59
Throw: Dart              |       |       |     2 ||     2
 Cast: Sandblast         |    21 |    38 |    64 ||   123
       Stone Arrow       |       |       |    13 ||    13
  Use: Scroll            |     2 |       |     2 ||     4
       Potion            |       |       |     3 ||     3
 Stab: Sleeping          |     2 |    10 |     1 ||    13
Armor: Robe              |    12 |    94 |    45 ||   151
Dodge: Dodged            |    19 |   140 |    86 ||   245
Block: Buckler           |     1 |    37 |    34 ||    72
